 Dungeon Crawl Stone Soup version 0.31-a0-210-gccc998df9b (webtiles) character file.

Game seed: 14802803883079268882

144 qw the Shooter (level 5, -1/45 HPs)
             Began as a Minotaur Hexslinger on June 29, 2023.
             Slain by a gnoll
             ... wielding a +0 flail
              (7 damage)
             ... on level 3 of the Dungeon.
             The game lasted 00:00:48 (1931 turns).

qw the Shooter (Minotaur Hexslinger)                Turns: 1931, Time: 00:00:48

Health: -1/45      AC:  3    Str: 12    XL:     5   Next: 5%
Magic:  5/5        EV: 12    Int: 10    God:
Gold:   142        SH:  0    Dex: 15    Spells: 5/6 levels left

rFire   . . .        Y - +3 sling
rCold   . . .        (no shield)
rNeg    . . .        d - +0 leather armour
rPois   .            (helmet restricted)
rElec   .            (no cloak)
rCorr   .            (no gloves)
SInv    .            (no boots)
Will    .....        (no amulet)
Stlth   +            (no ring)
HPRegen 0.27/turn    (no ring)
MPRegen 0.09/turn

%: no passive effects
@: about to teleport
A: horns 2, retaliatory headbutt
a: no special abilities


You were on level 3 of the Dungeon.
You visited 1 branch of the dungeon, and saw 3 of its levels.

You collected 142 gold pieces.


Innate Abilities, Weirdness & Mutations

You have a pair of horns on your head.
You reflexively headbutt those who attack you in melee.


   Skills:
 - Level 3.0 Fighting
 + Level 5.2 Ranged Weapons
 - Level 2.1 Dodging
 - Level 1.0 Spellcasting
 - Level 2.0 Hexes


You had 5 spell levels left.
You knew the following spells:

 Your Spells              Type           Power      Damage    Failure   Level
a - Slow                  Hex            16%        N/A       19%         1

Your spell library contained the following spells:

 Spells                   Type           Power      Damage    Failure   Level
 Inner Flame              Hex/Fire       2%         N/A       65%         3
 Portal Projectile        Hex/Tloc       4%         N/A       65%         3
 Cause Fear               Hex            2%         N/A       88%         4

Inventory:

Hand Weapons
 Y - a +3 sling (weapon)
Armour
 d - a +0 leather armour (worn)
Scrolls
 b - 2 scrolls of identify
 c - a scroll of vulnerability {unknown}
Potions
 a - a potion of attraction {unknown}
 e - a potion of magic {unknown}
 f - a potion of mutation {unknown}
 h - a potion of degeneration {unknown}
 j - a potion of curing {unknown}
 k - a potion of berserk rage {unknown}

Dungeon Overview and Level Annotations

Branches:
Dungeon (3/15)

Altars:
Wu Jian


Message History

You shoot a sling bullet.
The sling bullet closely misses the gnoll.
You shoot a sling bullet.
The sling bullet hits the gnoll but does no damage.
A hobgoblin comes into view.
You shoot a sling bullet. The sling bullet hits the gnoll.
The gnoll is lightly wounded.
You shoot a sling bullet. The sling bullet hits the gnoll.
The gnoll is moderately wounded.
The gnoll barely misses you.
You shoot a sling bullet. The sling bullet hits the gnoll.
The gnoll is heavily wounded.
The gnoll closely misses you.
You shoot a sling bullet. The sling bullet hits the gnoll.
The gnoll is severely wounded.
The gnoll hits you from afar with a +0 halberd.
The gnoll closely misses you. The gnoll barely misses you.
The gnoll closely misses you.
You shoot a sling bullet. The sling bullet hits the gnoll.
You kill the gnoll!
The gnoll barely misses you.
You have reached level 5!
You shoot a sling bullet. The sling bullet hits the gnoll.
The gnoll is moderately wounded.
The gnoll hits you from afar with a +0 halberd!
You shoot a sling bullet. The sling bullet hits the gnoll.
The gnoll is almost dead.
The gnoll closely misses you. The gnoll hits you with a +0 flail.
The gnoll completely misses you.
A dart slug comes into view.
You shoot a sling bullet.
The sling bullet closely misses the gnoll.
The gnoll barely misses you. The gnoll hits you with a +0 flail!
The gnoll hits you from afar with a +0 halberd!
1931 ||| READING scroll of teleportation.
As you read the scroll of teleportation, it crumbles to dust.
You feel strangely unstable. The gnoll hits you with a +0 club.
The gnoll closely misses you. The gnoll hits you with a +0 flail!
You die...

## ########### #.
#.........# #.
#.#######.# #.
##.#######.###
##.####...##........
#gg@.........##...##
#.g####...###.......
#g. ##.##.........
#..#####.##.#.......
#..#........###...##
...#........###...##
#..##..........%....#
#.w #......^..#####.#
#.<......## #.#


You could see 3 gnolls, a dart slug and a hobgoblin.

Vanquished Creatures
  Jessica (D:3)
  2 orc wizards
  A gnoll (D:3)
  A dart slug (D:1)
  8 orcs
  7 ball pythons
  5 endoplasms
  A giant cockroach (D:2)
  4 goblins
  3 hobgoblins
  7 kobolds
  A quokka (D:2)
  3 bats
  2 frilled lizards (D:2)
  4 rats
50 creatures vanquished.

Notes
Turn   | Place    | Note
-------+----------+-------------------------------------------
     0 | D:1      | qw the Minotaur Hexslinger began the quest for the Orb.
     0 | D:1      | Reached XP level 1. HP: 16/16 MP: 1/1
     0 | D:1      | 0 ||| qw: Version: 0.3-a-24-g62f9e04
     0 | D:1      | 0 ||| qw: Game counter: 6659
     0 | D:1      | 0 ||| qw: Melee chars always use a shield: true
     0 | D:1      | 0 ||| qw: God list: Okawaru
     0 | D:1      | 0 ||| qw: Allow faded altars: false
     0 | D:1      | 0 ||| qw: Do Orc after clearing Dungeon:15 true
     0 | D:1      | 0 ||| qw: Do second Lair branch before Depths: true
     0 | D:1      | 0 ||| qw: Lair rune preference: random
     0 | D:1      | 0 ||| qw: Goals: Normal
     0 | D:1      | 0 ||| PLANNING D:1-11
    86 | D:1      | Reached skill level 3 in Ranged Weapons
   120 | D:1      | Reached XP level 2. HP: 23/23 MP: 2/2
   623 | D:1      | 623 ||| UPGRADING to +0 leather armour.
   633 | D:1      | 633 ||| DROPPING +0 robe.
   634 | D:1      | 634 ||| READING scroll labelled BIQAETE ONOBO.
   735 | D:1      | 735 ||| READING scroll labelled MUFATH HUIM.
   736 | D:1      | 736 ||| READING scroll labelled ILOASERUTA.
   737 | D:1      | 737 ||| DROPPING scroll of poison.
   792 | D:2      | Found an ornate altar of the Wu Jian Council.
   885 | D:2      | Reached XP level 3. HP: 10/29 MP: 3/3
   893 | D:2      | 893 ||| FLEEEEING.
   899 | D:2      | 899 ||| FLEEEEING.
   900 | D:2      | 900 ||| FLEEEEING.
   901 | D:2      | 901 ||| FLEEEEING.
   909 | D:2      | 909 ||| FLEEEEING.
   910 | D:2      | 910 ||| FLEEEEING.
   911 | D:2      | 911 ||| FLEEEEING.
   912 | D:2      | 912 ||| FLEEEEING.
   913 | D:2      | 913 ||| FLEEEEING.
   922 | D:2      | 922 ||| STAIRDANCE
   961 | D:1      | 961 ||| READING 2 scrolls labelled DEADWUUJITT.
   962 | D:1      | 962 ||| READING scroll of enchant weapon.
   962 | D:1      | 962 ||| ENCHANTING +2 sling.
   978 | D:2      | Reached skill level 4 in Ranged Weapons
  1318 | D:2      | Reached XP level 4. HP: 36/36 MP: 4/4
  1576 | D:2      | 1576 ||| READING scroll labelled TYARIA NUGUL.
  1580 | D:2      | 1580 ||| READING scroll labelled ARIXU SIOMURCH.
  1581 | D:2      | 1581 ||| READING scroll labelled CORITHR RUECLED.
  1646 | D:3      | Reached skill level 5 in Ranged Weapons
  1655 | D:3      | HP: 8/36 [orc/+0 club (2)]
  1822 | D:3      | Noticed Jessica
  1827 | D:3      | Killed Jessica
  1828 | D:3      | Reached skill level 3 in Fighting
  1928 | D:3      | Reached XP level 5. HP: 44/45 MP: 5/5
  1930 | D:3      | HP: 8/45 [gnoll/+0 halberd (12)]
  1931 | D:3      | 1931 ||| READING scroll of teleportation.
  1931 | D:3      | Slain by a gnoll

Levels and vault maps discovered:
D:1:      zaba_arrival_water, layout_basic
D:2:      layout_loops_ring, basic_altar, small_statue_intersection,
          minmay_split_cup_large
D:3:      layout_loops_ring, uniq_jessica

Skill      XL: |  1  2  3  4 |
---------------+-------------+-----
Ranged Weapons | 3 4 5 |  5.2
Fighting       | 2 3 |  3.0
Dodging        | |  2.1
Spellcasting   | |  1.0
Hexes          | |  2.0

Action                     |  1- 3 |  4- 6 || total
---------------------------+-------+-------++-------
   Fire: Sling             |   122 |    43 ||   165
    Use: Scroll            |     5 |     4 ||     9
 Armour: Robe              |     8 |       ||     8
         Leather armour    |     8 |     1 ||     9
  Dodge: Dodged            |    28 |    27 ||    55

Table legend:
 A = Non-vault XP
 B = Vault XP
 C = Vault XP percentage of total XP
 D = Non-vault monster count
 E = Vault monster count
 F = Vault count percentage of total count
                 A         B        C        D         E       F
            +---------+---------+-------+---------+---------+-------
      Total |     164 |      43 |  20.8 |      45 |       5 |  10.0
            +---------+---------+-------+---------+---------+-------
        D:1 |      30 |       0 |   0.0 |      17 |       0 |   0.0
        D:2 |      63 |       6 |   8.7 |      16 |       4 |  20.0
        D:3 |      71 |      37 |  34.3 |      12 |       1 |   7.7
            +---------+---------+-------+---------+---------+-------
